AoeStats
← catchchez

Arabia

506993206Analyzed
1v1 RM · 18d ago on Sep 16, 2026· 35m 17s· 2 players
Game mode
Random Map
Map size
Tiny (2 player)
Population
200
Speed
Normal
Resources
Standard
Victory
Conquest
Starting age
Dark Age
Ending age
Imperial Age
RankedLock teamsTeams togetherTeam positionsShared explorationLock speedFull tech treeHidden civsTurbo modeCheats
Victory
Defeat
🇳🇿 Aztecs · New Zealand
762
+14
🇮🇳 Koreans · India
720
-14
catchchez
3:09 Loom
11:31 Feudal Age
11:35 Man-at-Arms
15:16 Double-Bit Axe
22:00 Fletching
26:22 Castle Age
Wrecking Ball Paul
8:35 Loom
12:36 Feudal Age
14:16 Gold Mining
14:14 Double-Bit Axe
15:56 Fletching
16:30 Scale Mail Armor
23:41 Castle Age
22:13 Horse Collar
23:49 Eagle Warrior
24:30 Squires
25:11 Forging
25:18 Chain Mail Armor
28:44 Iron Casting
28:11 Padded Archer Armor
31:53 Sanctity
34:14 Wheelbarrow
34:05 Fervor
Connection lost

Rejoining the realm…

Still unreachable

The connection could not be restored.

Session expired

The server has moved on; the page needs a fresh start.